 Dungeon Crawl Stone Soup version 0.28-a0-544-g207b005307 (webtiles) character file.

Game seed: 16604551342943288136

151701 Johnny the Cryomancer (level 17, -5/138 HPs)
             Began as a Green Draconian Ice Elementalist on Sept 26, 2021.
             Was an Elder of Sif Muna.
             Killed from afar by a wretched star (18 damage)
             ... with a lance of force
             ... on level 3 of the Abyss on Sept 28, 2021.
             The game lasted 01:23:05 (41953 turns).

Johnny the Cryomancer (DrIE)                       Turns: 41953, Time: 01:23:06

Health: -5/138     AC: 27    Str: 10      XL:     17   Next: 1%
Magic:  4/28       EV: 13    Int: 31      God:    Sif Muna [****..]
Gold:   780        SH: 14    Dex: 13 (14) Spells: 5/44 levels left

rFire   + . .      SeeInvis .   a - staff of cold
rCold   + + +      Faith    .   s - +3 buckler "Kyst" {rC+ rN+ Int+4 Stlth+}
rNeg    + . .      Spirit   .   (armour unavailable)
rPois   +          Reflect  +   (helmet restricted)
rElec   .          Harm     .   l - scarf {rC+ rF+}
rCorr   .          Rampage  .   (no gloves)
Will    +....      Rage     3%  c - +0 pair of boots
Stlth   +++.......              T - amulet "Lubam" {Reflect Regen+ Dex+3 SH+5}
HPRegen 0.33/turn               I - ring "Ovufoblyuja" {AC+4 Int+3}
MPRegen 0.21/turn               K - ring of protection from cold

@: ice-armoured, about to teleport, unable to drink, channelling, studying
Fighting
A: no potions, breathe noxious fumes, AC +9, unfitting armour, stinger 1, poison
resistance, cold-blooded, [berserk 2], [deterioration 1], [low mp 2]
a: Breathe Noxious Fumes, Renounce Religion, Channel Magic, Forget Spell, Divine
Exegesis


You were on level 3 of the Abyss.
You worshipped Sif Muna.
Sif Muna was greatly pleased with you.
You visited 5 branches of the dungeon, and saw 24 of its levels.
You visited the Abyss 2 times.
You also visited: Ice Cave.

You collected 2602 gold pieces.
You spent 1822 gold pieces at shops.

Inventory:

Missiles
 r - 5 throwing nets
Armour
 c - a +0 pair of boots (worn)
 l - a scarf of resistance (worn)
 s - the +3 buckler "Kyst" (worn) {rC+ rN+ Int+4 Stlth+}
   (You bought it in a shop on level 2 of the Orcish Mines)

   Int:       It affects your intelligence (+4).
   rC:        It protects you from cold.
   rN:        It protects you from negative energy.
   Stlth:     It makes you more stealthy.
 y - a scarf of repulsion
 O - a +2 kite shield of reflection
 Q - a +1 kite shield of cold resistance
Magical Staves
 a - a staff of cold (weapon)
Jewellery
 I - the ring "Ovufoblyuja" (left hand) {AC+4 Int+3}
   (You took it off an orc warrior on level 12 of the Dungeon)

   [ring of protection]

   AC:        It affects your AC (+4).
   Int:       It affects your intelligence (+3).
 K - a ring of protection from cold (right hand)
 M - an amulet of magic regeneration
 R - the amulet of Coquakku {Reflect rF+ Will+ SH+5 SInv}
   (You acquired it on level 2 of the Orcish Mines)

   [amulet of reflection]

   It reflects blocked missile attacks.
   rF:        It protects you from fire.
   SInv:      It lets you see invisible.
   SH:        It affects your SH (+5).
   Will:      It increases your willpower.
 T - the amulet "Lubam" (around neck) {Reflect Regen+ Dex+3 SH+5}
   (You bought it in a shop on level 2 of the Orcish Mines)

   [amulet of reflection]

   It reflects blocked missile attacks.
   Dex:       It affects your dexterity (+3).
   Regen:     It increases your rate of health regeneration.
   SH:        It affects your SH (+5).
Wands
 b - a wand of charming (6)
 H - a wand of paralysis (12)
Scrolls
 e - 2 scrolls of enchant weapon
 g - 2 scrolls of teleportation
 h - a scroll of immolation
 i - 5 scrolls of amnesia
 j - 5 scrolls of enchant armour
 k - 4 scrolls of blinking
 t - 4 scrolls of noise
 v - a scroll of brand weapon
 B - 3 scrolls of holy word
 C - 3 scrolls of magic mapping
 E - 4 scrolls of fear {unknown}
 U - a scroll of torment {unknown}
 V - a scroll of fog {unknown}
Potions
 m - 3 potions of lignification
 n - 5 potions of curing
 o - 8 potions of haste
 p - 3 potions of mutation
 q - 6 potions of attraction
 u - 2 potions of brilliance
 w - 2 potions of magic
 z - 5 potions of degeneration
 A - 3 potions of flight
 D - 9 potions of ambrosia
 F - 2 potions of might {unknown}
 G - a potion of berserk rage {unknown}
 J - 2 potions of resistance {unknown}
Miscellaneous
 f - a phial of floods
 N - a condenser vane


   Skills:
 + Level 9.4 Fighting
 + Level 3.9 Dodging
 - Level 1.7 Stealth
 + Level 8.3 Shields
 + Level 14.4 Spellcasting
 + Level 7.7 Conjurations
 * Level 21.5 Ice Magic
 - Level 9.7 Invocations


You had 5 spell levels left.
You knew the following spells:

 Your Spells              Type           Power      Damage    Failure   Level
a - Freeze                Ice            100%       1d11      0%          1
b - Stone Arrow           Conj/Erth      92%        3d12      1%          3
c - Ozocubu's Armour      Ice            100%       N/A       0%          3
d - Blink                 Tloc           N/A        N/A       3%          2
e - Freezing Cloud        Conj/Ice/Air   45%        6-21      1%          5
f - Hailstorm             Conj/Ice       100%       3d20      1%          4
g - Ice Form              Ice/Tmut       93%        N/A       1%          4
h - Metabolic Englaciati  Hex/Ice        46%        N/A       1%          5
i - Ozocubu's Refrigerat  Ice            62%        4d17      1%          7
j - Frozen Ramparts       Ice            100%       1d12      0%          3
k - Passwall              Tmut/Erth      18%        N/A       3%          2

Your spell library contained the following spells:

 Spells                   Type           Power      Damage    Failure   Level
 Animate Skeleton         Necr           44%        N/A       1%          1
 Apportation              Tloc           44%        N/A       1%          1
 Magic Dart               Conj           100%       1d8       1%          1
 Sandblast                Erth           44%        2d11      1%          1
 Shock                    Conj/Air       100%       1d9       1%          1
 Sting                    Tmut/Pois      88%        1d7       1%          1
 Summon Small Mammal      Summ           88%        N/A       1%          1
 Ensorcelled Hibernation  Hex/Ice        100%       N/A       1%          2
 Searing Ray              Conj           100%       2d8       1%          2
 Static Discharge         Conj/Air       46%        N/A       1%          2
 Dazzling Flash           Conj/Hex       92%        N/A       1%          3
 Summon Ice Beast         Ice/Summ       93%        N/A       1%          4
 Mephitic Cloud           Conj/Pois/Air  38%        N/A       2%          3
 Call Imp                 Summ           22%        N/A       3%          2
 Corpse Rot               Necr/Air       N/A        N/A       3%          2
 Poisonous Vapours        Pois/Air       44%        N/A       3%          2
 Fulminant Prism          Conj/Hex       23%        3d13      4%          4
 Iskenderun's Mystic Bla  Conj/Tloc      46%        2d10      4%          4
 Sticky Flame             Conj/Fire      46%        2d6       4%          4
 Gell's Gravitas          Tloc           11%        N/A       6%          3
 Ignite Poison            Fire/Tmut/Pois 22%        N/A       6%          3
 Inner Flame              Hex/Fire       22%        N/A       6%          3
 Lesser Beckoning         Tloc           22%        N/A       6%          3
 Portal Projectile        Hex/Tloc       44%        N/A       6%          3
 Summon Guardian Golem    Hex/Summ       22%        N/A       6%          3
 Swiftness                Air            22%        N/A       6%          3
 Teleport Other           Tloc           22%        N/A       6%          3
 Vampiric Draining        Necr           11%        2d7       6%          3
 Fireball                 Conj/Fire      23%        3d11      12%         5
 Lightning Bolt           Conj/Air       23%        1d38      12%         5
 Airstrike                Air            11%        N/A       21%         4
 Animate Dead             Necr           11%        N/A       21%         4
 Cause Fear               Hex            11%        N/A       21%         4
 Dispel Undead            Necr           22%        3d12      21%         4
 Leda's Liquefaction      Hex/Erth       11%        N/A       21%         4
 Olgreb's Toxic Radiance  Pois           22%        N/A       21%         4
 Summon Lightning Spire   Summ/Air       22%        N/A       21%         4
 Blade Hands              Tmut           11%        N/A       50%         5
 Excruciating Wounds      Necr           11%        N/A       50%         5
 Manifold Assault         Tloc           22%        N/A       50%         5
 Summon Mana Viper        Hex/Summ       22%        N/A       50%         5
 Yara's Violent Unravell  Hex/Tmut       11%        3d6       50%         5
 Simulacrum               Ice/Necr       46%        N/A       3%          6
 Polar Vortex             Ice            62%        N/A       30%         9
 Starburst                Conj/Fire      23%        6d8       54%         6
 Orb of Destruction       Conj           31%        9d12      58%         7
 Invisibility             Hex            11%        N/A       97%         6
 Summon Cactus Giant      Summ           11%        N/A       97%         6
 Spellforged Servitor     Conj/Summ      23%        N/A       98%         7
 Haunt                    Necr/Summ      11%        N/A       100%        7
 Storm Form               Tmut/Air       11%        N/A       100%        7
 Discord                  Hex            11%        N/A       100%        8
 Disjunction              Tloc           11%        N/A       100%        8
 Infestation              Necr           11%        N/A       100%        8
 Lehudib's Crystal Spear  Conj/Erth      23%        10d6      100%        8
 Maxwell's Capacitive Co  Air            11%        ∞         100%        8
 Shatter                  Erth           11%        3d12*     100%        9


Dungeon Overview and Level Annotations

Branches:
Dungeon (12/15)            Temple (1/1) D:6            Lair (6/6) D:10
 Shoals (0/4) Lair:2        Snake (0/4) Lair:4        Slime (0/5) Lair:5
    Orc (2/2) D:11            Elf (3/3) Orc:2         IceCv (visited)

Altars:
Dithmenos
Fedhas
Gozag
Hepliaklqana
Makhleb
Nemelex Xobeh
Okawaru
Ru
Sif Muna
Trog
Vehumet
Wu Jian
Xom
Zin
The Shining One
Jiyva

Shops:
D:1 *(*   Orc:2 *![:   Elf:2 *   Elf:3 [

Portals:
Pandemonium: Orc:2

Annotations:
D:11 3 runed translucent doors, McIrco's ghost, journeyman MiFi


Innate Abilities, Weirdness & Mutations

You cannot drink.
You can breathe blasts of noxious fumes.
Your lurid green scales are hard. (AC +9)
You cannot fit into any form of body armour.
Your tail ends in a poisonous barb.
Your system is resistant to poisons. (rPois)
You are cold-blooded and may be slowed by cold attacks.
[You often lose your temper in combat.]
[Your body sometimes deteriorates upon taking damage.]
[Your magical capacity is very low. (-20% MP)]


Message History

Okay, then.
As you read the scroll of identify, it crumbles to dust.
C - 3 scrolls of magic mapping You feel sick.
You are no longer poisoned.
The wretched star glows turbulently.
The lance of force hits you!!
* * * LOW HITPOINT WARNING * * *
Your body deteriorates!
You feel clumsy.
You are knocked back by the lance of force.
You slam into the rock wall!
Casting: Ozocubu's Refrigeration (mildly dangerous; 1% risk of failure)
Confirm with . or Enter, or press ? or * to list all spells.
You blink.
The wretched star glows turbulently.
The lance of force reflects off an invisible shield around you!
The lance of force hits the wretched star!!
The wretched star is knocked back by the lance of force.
Okay, then.
Okay, then.
You cannot drink potions in your current state!
Okay, then.
Casting: Blink (safe; 3% risk of failure)
Confirm with . or Enter, or press ? or * to list all spells.
Okay, then.
You cannot drink potions in your current state!
Unknown command.
Casting: Blink (safe; 3% risk of failure)
Confirm with . or Enter, or press ? or * to list all spells.
You feel a surge of power! A film of ice covers your body!
You feel yourself speed up.
You start resting.
A wretched star is nearby!
Casting: Ozocubu's Armour (safe; 0% risk of failure)
Confirm with . or Enter, or press ? or * to list all spells.
You don't have enough magic to cast this spell.
Unknown command.
The wretched star glows turbulently.
The lance of force hits you!!
You die...

### ##.## ####..*#
##@#..)##
#...)*)##
##......####
#.......... #
..............#
...)..........#
#............... #
#...)...###..#...#
.......## ##......


You could see a wretched star.

Vanquished Creatures
  Rupert (Lair:6)
  A deep elf master archer (Elf:3)
  A deep elf blademaster (Elf:2)
  A tentacled starspawn (Abyss:3)
  2 deep elf sorcerers
  A deep elf elementalist (Elf:3)
  4 deep elf annihilators
  3 deep elf demonologists
  Azrael (Orc:2)
  The ghost of Gargoyl the Fighter, a journeyman GnAK of Lugonu (Lair:2)
  Fannar (D:11)
  2 ironbound frosthearts (IceCv)
  2 boulder beetles
  Harold (D:10)
  2 naga warriors (Abyss:3)
  5 hydras
  2 catoblepae (Lair:6)
  A deep troll shaman (Lair:6)
  4 two-headed ogres
  13 death yaks
  27 dancing weapons
  7 orc high priests
  Urug (Orc:2)
  12 deep elf knights
  2 sixfirhies
  2 wretched stars
  3 infernal demonspawn (Orc:2)
  A gelid demonspawn (Orc:2)
  4 orc knights (Orc:2)
  10 deep elf archers
  A wizard (D:7)
  24 deep elf pyromancers
  7 orc sorcerers
  24 deep elf zephyrmancers
  A salamander (Abyss:3)
  A cyclops (D:12)
  A worldbinder (Abyss:3)
  3 centaur zombies
  A merfolk siren (Lair:2)
  9 black mambas
  A guardian serpent (Abyss:3)
  18 elephants
  An ice statue (IceCv)
  An apocalypse crab (Abyss:3)
  An orange demon (Orc:2)
  2 gargoyles
  A torpor snail (Lair:2)
  10 cane toads
  A kobold demonologist (D:12)
  A rime drake (Lair:4)
  10 komodo dragons
  An ice devil (Orc:2)
  A queen bee (Lair:3)
  A merfolk (Lair:2)
  19 polar bears
  Prince Ribbit (D:5)
  6 trolls
  A wind drake (shapeshifter) (Elf:1)
  3 blink frogs (Lair:6)
  8 slime creatures
  An air elemental (Elf:3)
  18 dream sheep
  A shadow (D:9)
  2 small abominations (Abyss:3)
  2 wraiths
  2 fire elementals
  A vampire (D:9)
  A ynoxinul (Orc:2)
  2 water elementals
  2 wyverns
  2 fire bats (Abyss:2)
  Eustachio (D:4)
  44 yaks
  8 vampire mosquitoes (D:12)
  5 basilisks
  3 wargs
  Menkaure (D:5)
  A chaos spawn (Orc:2)
  3 swamp worms (D:8)
  3 large abominations (Abyss:3)
  9 nagas
  5 hell hounds (Orc:2)
  3 acid dragons
  17 water moccasins
  Duvessa (D:5)
  2 ice beasts
  25 orc warriors
  3 black bears
  3 necrophages
  6 ogres
  25 wolves
  5 centaurs
  5 kobold brigands
  9 bullfrogs
  An earth elemental (Elf:1)
  3 wyvern zombies
  2 gnoll sergeants
  Dowan (D:5)
  A scorpion (D:7)
  34 killer bees
  13 wights
  10 electric eels
  2 howler monkeys
  2 centaur skeletons (D:6)
  3 jellies
  20 orc priests
  A gnoll shaman (D:5)
  A hound (D:6)
  Ijyb (D:4)
  A bullfrog skeleton (D:4)
  2 iguanas
  17 orc wizards
  A killer bee zombie (D:8)
  19 gnolls
  6 adders
  A white imp (Abyss:3)
  2 ufetubi
  An adder skeleton (D:4)
  A worm (D:3)
  2 dart slugs
  51 orcs
  2 ball pythons (D:3)
  4 bats
  8 endoplasms
  2 giant cockroaches
  7 goblins
  4 hobgoblins
  5 jackals
  33 kobolds
  A quokka (D:4)
  A rat (D:3)
  A spectral hobgoblin (D:3)
766 creatures vanquished.

Vanquished Creatures (others)
  A bush (Lair:6)
  34 fungi
  53 plants
  5 starspawn tentacles (Abyss:3)
93 creatures vanquished.

Grand Total: 859 creatures vanquished

Notes
Turn   | Place    | Note
-------+----------+-------------------------------------------
     0 | D:1      | Johnny the Draconian Ice Elementalist began the quest for
                  | the Orb.
     0 | D:1      | Reached XP level 1. HP: 14/14 MP: 3/3
   111 | D:1      | Found Turih's Antique Weapon Boutique.
   509 | D:1      | Found Kililoif's Assorted Antiques.
   868 | D:1      | Reached XP level 2. HP: 8/22 MP: 3/5
  1323 | D:1      | Found Fuaser's Assorted Antiques.
  1369 | D:2      | Reached skill level 1 in Fighting
  1921 | D:2      | Reached XP level 3. HP: 18/28 MP: 6/6
  2579 | D:3      | Learned a level 3 spell: Frozen Ramparts
  2651 | D:3      | Reached XP level 4. HP: 28/36 MP: 2/7
  2662 | D:3      | Found a hazy altar of Hepliaklqana.
  2747 | D:3      | Found a faded altar of an unknown god.
  2785 | D:3      | Reached skill level 5 in Ice Magic
  3043 | D:3      | Noticed a phantom
  3290 | D:4      | Noticed a necrophage
  3304 | D:4      | Killed a necrophage
  3305 | D:4      | Reached XP level 5. HP: 24/44 MP: 1/9
  3472 | D:4      | Noticed Eustachio
  3520 | D:4      | Killed Eustachio
  3521 | D:4      | Reached skill level 6 in Ice Magic
  3521 | D:4      | Reached XP level 6. HP: 11/51 MP: 3/11
  3892 | D:4      | Found an opulent altar of Gozag.
  3964 | D:4      | Found a sacrificial altar of Ru.
  4183 | D:4      | Your scales start taking on a lurid green colour.
  4183 | D:4      | Reached XP level 7. HP: 58/58 MP: 5/12
  4183 | D:4      | Gained mutation: Your system is resistant to poisons.
                  | (rPois) [Green Draconian growth]
  4498 | D:4      | Noticed Ijyb
  4509 | D:4      | Killed Ijyb
  4631 | D:5      | Entered Level 5 of the Dungeon
  4933 | D:5      | Reached skill level 7 in Ice Magic
  5006 | D:5      | Learned a level 3 spell: Ozocubu's Armour
  5013 | D:5      | Noticed Menkaure
  5025 | D:5      | Killed Menkaure
  5026 | D:5      | Reached XP level 8. HP: 27/67 MP: 0/14
  5099 | D:5      | Reached skill level 5 in Fighting
  5194 | D:5      | Reached skill level 8 in Ice Magic
  5219 | D:5      | Learned a level 2 spell: Blink
  5258 | D:5      | Noticed Prince Ribbit
  5266 | D:5      | Killed Prince Ribbit
  5267 | D:5      | Reached skill level 5 in Spellcasting
  5978 | D:5      | Noticed Duvessa
  5982 | D:5      | Killed Duvessa
  5983 | D:5      | Reached skill level 9 in Ice Magic
  6008 | D:5      | Noticed Dowan
  6011 | D:5      | Killed Dowan
  6326 | D:6      | Found a radiant altar of Vehumet.
  6376 | D:6      | Reached XP level 9. HP: 41/75 MP: 11/17
  6598 | D:6      | Found an ornate altar of the Wu Jian Council.
  6974 | D:6      | Found a staircase to the Ecumenical Temple.
  7157 | Temple   | Entered the Ecumenical Temple
  7164 | Temple   | Became a worshipper of Sif Muna the Loreminder
  7695 | D:7      | Reached skill level 10 in Ice Magic
  7724 | D:7      | Noticed an orc sorcerer
  7725 | D:7      | Noticed a wizard
  7884 | D:7      | Killed a wizard
  7888 | D:7      | Noticed an orange demon
  7889 | D:7      | Killed an orc sorcerer
  8041 | D:7      | Found an iron altar of Okawaru.
  8118 | D:7      | Found a shadowy altar of Dithmenos.
  8527 | D:7      | Found a bloodstained altar of Trog.
  8594 | D:7      | Reached skill level 11 in Ice Magic
  8778 | D:7      | Reached XP level 10. HP: 71/88 MP: 20/20
  9177 | D:7      | Reached * piety under Sif Muna
  9464 | D:8      | Found a glowing golden altar of the Shining One.
  9558 | D:8      | Noticed a boulder beetle
  9645 | D:8      | Killed a boulder beetle
 10152 | D:8      | Found a burning altar of Makhleb.
 11376 | D:8      | Found a glowing silver altar of Zin.
 11376 | D:8      | Noticed an angel
 11688 | D:8      | Learned a level 5 spell: Freezing Cloud
 11870 | D:9      | Reached ** piety under Sif Muna
 11886 | D:9      | Reached skill level 12 in Ice Magic
 12366 | D:9      | Noticed a two-headed ogre
 12378 | D:9      | Killed a two-headed ogre
 13132 | D:9      | Found a blossoming altar of Fedhas.
 13462 | D:10     | Entered Level 10 of the Dungeon
 13480 | D:10     | Reached XP level 11. HP: 86/95 MP: 20/23
 13530 | D:10     | Noticed Harold
 13534 | D:10     | Reached skill level 13 in Ice Magic
 13544 | D:10     | Killed Harold
 13777 | D:10     | Identified a scroll of acquirement
 13779 | D:10     | Acquired a staff of cold
 14317 | D:10     | Found a staircase to the Lair.
 14366 | D:10     | Noticed a two-headed ogre
 14371 | D:10     | Reached *** piety under Sif Muna
 14378 | D:10     | Killed a two-headed ogre
 15015 | D:11     | Found a runed translucent gate.
 15015 | D:11     | Found a runed translucent gate.
 15033 | D:11     | Noticed a boulder beetle
 15082 | D:11     | Killed a boulder beetle
 15083 | D:11     | Reached skill level 14 in Ice Magic
 15370 | D:11     | Found a runed translucent gate.
 15372 | D:11     | Noticed McIrco's ghost (journeyman MiFi)
 15383 | D:11     | Got Farr's Guide on Dislocated Darkness
 15407 | D:11     | Noticed a two-headed ogre
 15421 | D:11     | Killed a two-headed ogre
 15646 | D:11     | Found a staircase to the Orcish Mines.
 15719 | Orc:1    | Entered Level 1 of the Orcish Mines
 15719 | Orc:1    | Noticed Fannar
 16219 | D:11     | Noticed a two-headed ogre
 16227 | D:11     | Killed a two-headed ogre
 17196 | D:11     | Reached skill level 15 in Ice Magic
 17389 | D:12     | Reached XP level 12. HP: 59/103 MP: 15/25
 17695 | D:12     | Reached skill level 10 in Spellcasting
 18004 | D:12     | Reached **** piety under Sif Muna
 18201 | D:12     | Noticed a four-headed hydra
 18208 | D:12     | Killed a four-headed hydra
 18376 | D:12     | Identified the ring "Ovufoblyuja" {AC+4 Int+3}
 18445 | D:12     | Noticed a six-headed hydra
 18453 | D:12     | Killed a six-headed hydra
 18650 | D:12     | HP: 3/103 [something (19)]
 19058 | Lair:1   | Entered Level 1 of the Lair of Beasts
 19263 | Lair:1   | Reached skill level 16 in Ice Magic
 20984 | Lair:2   | Noticed a four-headed hydra
 20992 | Lair:2   | Killed a four-headed hydra
 21110 | Lair:2   | Found a runed translucent gate.
 21110 | Lair:2   | Found a runed translucent gate.
 21110 | Lair:2   | Noticed Gargoyl's ghost (journeyman GnAK)
 21113 | Lair:2   | Found a runed translucent gate.
 21146 | Lair:2   | Killed Gargoyl's ghost
 21549 | Lair:2   | Reached skill level 17 in Ice Magic
 21843 | Lair:2   | Found a staircase to the Shoals.
 22290 | Lair:3   | Reached XP level 13. HP: 50/108 MP: 15/28
 22574 | Lair:3   | Upgraded the game from 0.28-a0-533-g9f97627e2a to
                  | 0.28-a0-544-g207b005307
 23636 | Lair:3   | Identified the +1 robe of the Harvest Moon {rC++}
 24005 | Lair:3   | Reached ***** piety under Sif Muna
 24013 | Lair:3   | Received a gift from Sif Muna
 24031 | Lair:3   | Got Sif Muna's Compendium of the Rocks and Confrontation
                  | {god gift}
 24452 | Lair:4   | Reached skill level 1 in Invocations
 25355 | Lair:4   | Reached skill level 18 in Ice Magic
 25442 | Lair:4   | Found a staircase to the Snake Pit.
 26228 | Lair:5   | You fall into a shaft and drop 1 floor!
 26228 | Lair:6   | Entered Level 6 of the Lair of Beasts
 26269 | Lair:5   | Found a staircase to the Slime Pits.
 26269 | Lair:5   | Found a viscous altar of Jiyva.
 26895 | Lair:5   | Learned a level 4 spell: Hailstorm
 27382 | Lair:4   | Acquired a +2 kite shield of reflection
 27643 | Lair:6   | Reached skill level 1 in Shields
 27643 | Lair:6   | Gained mutation: Your tail ends in a poisonous barb. [Green
                  | Draconian growth]
 27643 | Lair:6   | Reached XP level 14. HP: 110/116 MP: 25/30
 27927 | Lair:6   | Noticed Rupert
 27942 | Lair:6   | Reached skill level 5 in Invocations
 28493 | Lair:6   | Killed Rupert
 28759 | Lair:6   | Received a gift from Sif Muna
 28763 | Lair:6   | Reached skill level 19 in Ice Magic
 29350 | Lair:6   | Reached skill level 1 in Conjurations
 29572 | Lair:6   | Identified the +4 lajatang "Osey" {vorpal, SInv}
 30356 | D:11     | Killed Fannar
 30976 | Orc:2    | Entered Level 2 of the Orcish Mines
 30976 | Orc:2    | Noticed Urug
 30980 | Orc:2    | Killed Urug
 31009 | Orc:2    | Found a frozen archway.
 31016 | IceCv    | Entered an ice cave
 31253 | IceCv    | Received a gift from Sif Muna
 31255 | IceCv    | Got Sif Muna's Reference Book on Snow {god gift}
 31273 | IceCv    | Learned a level 9 spell: Polar Vortex
 32991 | Orc:2    | Reached XP level 15. HP: 123/123 MP: 28/32
 33169 | Orc:2    | Found Looxzor's Distillery.
 33183 | Orc:2    | Found Asylis's General Store.
 33401 | Orc:2    | Bought a potion of heal wounds for 75 gold pieces
 33401 | Orc:2    | Bought a potion of curing for 45 gold pieces
 33414 | Orc:2    | Received a gift from Sif Muna
 33415 | Orc:2    | Got Sif Muna's Guide on Hexes {god gift}
 33416 | Orc:2    | Noticed Azrael
 33419 | Orc:2    | Reached skill level 5 in Shields
 33422 | Orc:2    | Killed Azrael
 33927 | Orc:2    | Reached skill level 20 in Ice Magic
 34451 | Orc:2    | Found Luymeej's Book Shoppe.
 34451 | Orc:2    | Found a one-way gate leading to the halls of Pandemonium.
 34451 | Orc:2    | Found Ciasu's Antique Armour Emporium.
 34470 | Orc:2    | Bought a shimmering buckler for 323 gold pieces
 34470 | Orc:2    | Identified the +3 buckler "Kyst" {rC+ rN+ Int+4 Stlth+}
                  | (You bought it in a shop on level 2 of the Orcish Mines)
 34499 | Orc:2    | Bought a scroll of acquirement for 572 gold pieces
 34499 | Orc:2    | Bought a wand of acid (4) for 176 gold pieces
 34499 | Orc:2    | Bought the amulet "Lubam" {Reflect Regen+ Dex+3 SH+5} for
                  | 476 gold pieces
 34500 | Orc:2    | Acquired the amulet of Coquakku {Reflect rF+ Will+ SH+5
                  | SInv}
 34828 | Orc:2    | Found a staircase to the Elven Halls.
 35007 | Elf:1    | Entered Level 1 of the Elven Halls
 35036 | Elf:1    | Reached skill level 5 in Conjurations
 35115 | Elf:1    | Noticed a deep elf sorcerer
 35122 | Elf:1    | Killed a deep elf sorcerer
 35373 | Elf:1    | Got Sif Muna's Guide on Supportive Confrontation
 35380 | Elf:1    | Learned a level 5 spell: Metabolic Englaciation
 35808 | Elf:1    | Received a gift from Sif Muna
 35811 | Elf:1    | Got Neit's Incunabulum of Confrontation and the Frostbite
                  | {god gift}
 35820 | Elf:1    | Learned a level 7 spell: Ozocubu's Refrigeration
 36004 | Elf:1    | Learned a level 4 spell: Ice Form
 36377 | Orc:2    | Learned a level 3 spell: Stone Arrow
 36637 | Elf:1    | Cast into level 2 of the Abyss (+1 flail of distortion)
 36763 | Abyss:2  | Learned a level 2 spell: Passwall
 36767 | Elf:1    | Escaped the Abyss
 36843 | Elf:2    | Found Wufoarph's Assorted Antiques.
 36861 | Elf:2    | Bought a scroll of identify for 62 gold pieces
 36861 | Elf:2    | Bought a scroll of teleportation for 93 gold pieces
 37376 | Elf:2    | Found a runed translucent gate.
 37376 | Elf:2    | Found a runed translucent gate.
 37376 | Elf:2    | Found a runed translucent gate.
 37380 | Elf:2    | Reached XP level 16. HP: 121/129 MP: 21/27
 37430 | Elf:2    | Identified the +4 flail "Ynao" {protect, Stlth+}
 39290 | Elf:2    | Reached skill level 21 in Ice Magic
 39641 | Elf:2    | Noticed a deep elf blademaster
 39647 | Elf:2    | Killed a deep elf blademaster
 40215 | Elf:3    | Entered Level 3 of the Elven Halls
 40233 | Elf:3    | Found Yptargh's Antique Armour Emporium.
 40255 | Elf:3    | Paralysed by an air elemental for 1 turns
 40984 | Elf:3    | Noticed a deep elf master archer
 40999 | Elf:3    | Killed a deep elf master archer
 41268 | Elf:3    | Cast into level 3 of the Abyss (a deep elf sorcerer)
 41272 | Abyss:3  | Noticed a tentacled starspawn
 41273 | Abyss:3  | Killed a tentacled starspawn
 41277 | Abyss:3  | Noticed a tentacled starspawn
 41285 | Abyss:3  | Noticed a hellephant
 41285 | Abyss:3  | Noticed a hellephant
 41367 | Abyss:3  | Received a gift from Sif Muna
 41843 | Abyss:3  | Noticed a tentacled starspawn
 41897 | Abyss:3  | Found a shimmering altar of Xom.
 41944 | Abyss:3  | Reached XP level 17. HP: 68/138 MP: 4/28
 41953 | Abyss:3  | Killed from afar by a wretched star

Illustrated notes

Levels and vault maps discovered:
D:1:      amcnicky_arrival_choice, layout_basic, serial_shops, shop,
          nicolae_shop_stone, nicolae_shop_trees, nrook_mini_vaults
D:2:      layout_basic, minmay_misc_feat_rugged
D:3:      layout_rooms, nicolae_hepliaklqana_monster_ancestors,
          hellmonk_ecumenical_altar_arch_garden
D:4:      minmay_angry_zag, layout_gridville, lemuel_coloured_pillars_altar,
          nicolae_ru_the_path_less_chosen, uniq_eustachio, uniq_ijyb
D:5:      layout_loops_ring, uniq_menkaure, uniq_duvessa, uniq_prince_ribbit1
D:6:      layout_rooms, pdpol_wu_jian_five_deadly_venoms,
          mainiacjoe_overflow_alcove_4, temple_doors_ab, serial_glass,
          glass_columns_b, glass_columns_c, hangedman_glass_teeth
D:7:      cheibrodos_wizards_tower, layout_loops_ring, lightli_temple_of_fire,
          old_standard_altar, okawaru_metal_pillars_1_2, corexii_corridor_pit,
          kennysheep_boxes
D:8:      layout_basic, zin_angel, mainiacjoe_overflow_swirl, worms_lemuel
D:9:      layout_loops_corners, nicolae_overflow_hidden_temple,
          kennysheep_generic_room_5
D:10:     layout_basic, lair_entry_dummy, uniq_harold
D:11:     layout_roguey, orc_0_dummy, gammafunk_ghost_necromancy
D:12:     layout_big_octagon
Temple:   compressed_dpeg_circular_temple
Lair:1:   layout_cave_pods, beast_lair_carwin_10, grunt_megastairs_5
Lair:2:   layout_chaotic_city, elwin_shoals_entry_rooms, gammafunk_ghost_split,
          grunt_forest_stairs_basic, chequers_serial_rivers_small_b,
          fungi_pond_lemuel
Lair:3:   layout_loops_ring, special_room [special_room_bee],
          serial_bayou_ford_a, cheibrodos_lair_lostbears
Lair:4:   layout_cave_pods, minmay_snake_entry_guardpost_large,
          serial_bayou_pond_c, grunt_megastairs_4
Lair:5:   layout_hall_layers, slime_altar_1
Lair:6:   grunt_lair_end_beastmaster, layout_cave_pods, uniq_rupert
Orc:1:    layout_diamond_mine, uniq_fannar
Orc:2:    pf_orc_diabolical, layout_caves, portal_ice_cave_entry_pillars_1,
          uniq_urug, uniq_azrael
Elf:1:    eino_elf_arrival_shootout, layout_loops_ring, minmay_elf_sorcery,
          minivault_26
Elf:2:    elven_hall_of_blades_hangedman_original
          [nicolae_blade_entry_antechamber], layout_geoelf_grid, serial_shops,
          shop, serial_glass, glass_columns_a, glass_columns_c, glass_columns_b,
          glass_columns_c, glass_columns_a, glass_columns_a
Elf:3:    grunt_elf_hall_asides, layout_loops_corners, serial_shops, shop
Abyss:3:  base: Orc:1, evilmike_abyss_rune_elephants_shrine,
          nicolae_abyss_rune_left_handed, hangedman_abyss_theft,
          hangedman_abyss_theft, minivault_20, evilmike_abyss_exit_10,
          doesnt_abyss_rune_brain_food, nicolae_abyss_rune_left_handed,
          hangedman_decor_peaks_small, nicolae_abyss_rune_star_stuff

Skill      XL: |  1  2  3  4  5  6  7  8  9 10 11 12 13 14 15 16 |
---------------+-------------------------------------------------+-----
Fighting       | 1 2 3 4 6 7 8 9 |  9.4
Ice Magic      | 5 6 7 9 11 12 15 17 18 19 20 21 | 21.5
Spellcasting   | 3 4 5 6 8 9 11 12 13 14 | 14.4
Dodging        | 2 3 |  3.9
Invocations    | 4 7 9 |  9.7
Shields        | 1 4 6 8 |  8.3
Conjurations   | 3 6 7 |  7.7
Stealth        | |  1.7

Action                   |  1- 3 |  4- 6 |  7- 9 | 10-12 | 13-15 | 16-18 || total
-------------------------+-------+-------+-------+-------+-------+-------++-------
Melee: Dagger            |    92 |    71 |   135 |       |       |       ||   298
       Tailslap          |     6 |     5 |    23 |    35 |     1 |       ||    70
       Mace              |     2 |       |       |       |       |       ||     2
       Spear             |       |       |   100 |   200 |       |       ||   300
       Staff             |       |       |       |   118 |    14 |       ||   132
       Unarmed           |       |       |       |       |     7 |       ||     7
 Cast: Freeze            |     7 |    24 |    38 |   175 |   290 |     3 ||   537
       Frozen Ramparts   |     1 |    10 |    22 |    68 |    53 |       ||   154
       Ozocubu's Armour  |       |       |    13 |    49 |    19 |     4 ||    85
       Freezing Cloud    |       |       |       |    30 |   138 |    22 ||   190
       Hailstorm         |       |       |       |       |    73 |    48 ||   121
       Blink             |       |       |       |       |    31 |    28 ||    59
       Stone Arrow       |       |       |       |       |    32 |    56 ||    88
       Ozocubu's Refrige |       |       |       |       |     4 |    48 ||    52
       Ice Form          |       |       |       |       |     1 |       ||     1
       Passwall          |       |       |       |       |     1 |       ||     1
Invok: Channel Magic     |       |       |       |       |     4 |     8 ||    12
       Forget Spell      |       |       |       |       |     1 |       ||     1
 Abil: Breathe Noxious F |       |       |     1 |       |       |       ||     1
       End Transformatio |       |       |       |       |     1 |       ||     1
Evoke: Wand              |       |       |    19 |     8 |    32 |       ||    59
       Phial of floods   |       |       |       |     1 |     1 |       ||     2
       Condenser vane    |       |       |       |       |     1 |       ||     1
  Use: Potion            |       |     3 |       |     8 |     6 |     2 ||    19
       Scroll            |       |       |     6 |     7 |    10 |     4 ||    27
 Stab: Sleeping          |     1 |     3 |     3 |     1 |       |       ||     8
Armor: Skin              |    35 |    31 |   142 |   449 |   384 |    23 ||  1064
Dodge: Dodged            |    59 |    71 |   219 |   413 |   386 |    32 ||  1180
Block: Buckler           |       |       |       |       |    19 |    29 ||    48
       Kite shield       |       |       |       |       |    15 |       ||    15
       Reflection        |       |       |       |       |       |     1 ||     1

Table legend: (Time is in decaauts)
 A = Elapsed time spent in this place.
 B = Non-inter-level travel time spent in this place.
 C = Inter-level travel time spent in this place.
 D = Time resting spent in this place.
 E = Time spent auto-exploring this place.
 F = Levels seen in this place.
 G = Mean time per level.
                   A        B        C        D        E       F      G
               +--------+--------+--------+--------+--------+-----+--------+
         Total |  42071 |  40848 |   1223 |  16273 |  17931 |  27 | 1558.2 |
       Dungeon |  19560 |  18816 |    744 |   7311 |   8713 |  12 | 1630.0 |
        Temple |     12 |      8 |      4 |      0 |      3 |   1 |   12.0 |
          Lair |  10962 |  10674 |    288 |   3355 |   5887 |   6 | 1827.0 |
  Orcish Mines |   3044 |   2965 |     79 |   1691 |    674 |   2 | 1522.0 |
   Elven Halls |   5802 |   5694 |    108 |   2325 |   2385 |   3 | 1934.0 |
         Abyss |    819 |    819 |      0 |    410 |      0 |   2 |  409.5 |
      Ice Cave |   1869 |   1869 |      0 |   1181 |    269 |   1 | 1869.0 |
               +--------+--------+--------+--------+--------+-----+--------+

Top non-repeatable levels by time:
    D:11: 3278 daAuts
  Lair:6: 2496 daAuts
   Elf:1: 2488 daAuts
   Orc:2: 2484 daAuts
     D:8: 2382 daAuts
   Elf:2: 2261 daAuts
     D:7: 2213 daAuts
  Lair:3: 2068 daAuts
  Lair:4: 1889 daAuts
   IceCv: 1869 daAuts
     D:9: 1715 daAuts
  Lair:1: 1652 daAuts
     D:5: 1628 daAuts
  Lair:2: 1496 daAuts
    D:12: 1440 daAuts
